 Dungeon Crawl Stone Soup version 0.18.1-50-g88ac8fd (webtiles) character file.

15333 saintsgambit the Blocker (level 12, -2/105 (106) HPs)
             Began as a Minotaur Fighter on Sept 25, 2016.
             Was a High Priest of Makhleb.
             Slain by a spiny frog (16 damage)
             ... on level 4 of the Lair of Beasts.
             The game lasted 00:34:06 (10504 turns).

saintsgambit the Blocker (Minotaur Fighter)        Turns: 10504, Time: 00:34:06

HP:   -2/105 (106)  AC: 18    Str: 24    XL:     12   Next: 0%
MP:   22/22         EV: 11    Int:  5    God:    Makhleb [*****.]
Gold: 675           SH: 14    Dex: 12    Spells: 0 memorised, 11 levels left

rFire  . . .     SeeInvis .     H - +5 trident
rCold  + . .     Gourm    .     Y - +0 chain mail {rPois}
rNeg   . . .     Faith    .     J - +1 shield {AC+3}
rPois  +         Spirit   .     (helmet restricted)
rElec  .         Dismiss  .     (no cloak)
rCorr  .         Reflect  .     f - +0 pair of gloves
SustAt .         Harm     .     I - +0 pair of boots
MR     .....                    (no amulet)
Stlth  ..........               A - ring of magical power
                                o - ring of protection from cold

@: lethally poisoned (-2 -> -5), studying Invocations, not resistant to hostile
enchantments, extremely unstealthy
A: retaliatory headbutt, horns 2
a: Minor Destruction, Lesser Servant of Makhleb, Major Destruction, Greater
Servant of Makhleb, Renounce Religion


You were on level 4 of the Lair of Beasts.
You worshipped Makhleb.
Makhleb was extremely pleased with you.
You were not hungry.

You visited 3 branches of the dungeon, and saw 13 of its levels.
You also visited: Labyrinth.

You collected 675 gold pieces.

Inventory:

Hand Weapons
 x - the +12 dagger "Xohu" {drain, +Fly rN+}
   (You found it on level 4 of the Dungeon)

   A truly terrible weapon, it drains the life of those it strikes.
   It protects you from negative energy.
   It lets you fly.
 H - a +5 trident (weapon)
Armour
 c - a +0 shield
 f - a +0 pair of gloves (worn)
 y - a +0 chain mail
 I - a +0 pair of boots (worn)
 J - a +1 shield of protection (worn)
 Y - a +0 chain mail of poison resistance (worn)
Jewellery
 j - an uncursed ring of wizardry {unknown}
 o - a ring of protection from cold (left hand)
 A - a ring of magical power (right hand)
 F - an uncursed ring of protection from cold
 G - an uncursed amulet of the gourmand
 K - a cursed ring of loudness {unknown}
 P - an uncursed ring of magical power
 Q - a cursed amulet of inaccuracy {unknown}
 R - an uncursed ring of resist corrosion
 T - an uncursed ring of magical power
 V - an uncursed ring of flight {unknown}
 X - a +5 ring of dexterity {unknown}
Wands
 b - a wand of iceblast (4/15)
 L - a wand of flame (16/48)
 M - a wand of paralysis (13/24)
 O - a wand of acid (6/15)
Scrolls
 a - a scroll of enchant armour {unknown}
 h - 2 scrolls of noise {unknown}
 k - 7 scrolls of remove curse
 l - 3 scrolls of amnesia {unknown}
 m - 2 scrolls of immolation
 p - 4 scrolls of magic mapping {unknown}
 q - 3 scrolls of teleportation
 s - 5 scrolls of recharging {unknown}
 v - 4 scrolls of fear
 z - 3 scrolls of random uselessness
 B - a scroll of vulnerability {unknown}
 C - a scroll of fog {unknown}
 D - a scroll of identify
 E - a scroll of summoning {unknown}
 U - 2 scrolls of enchant weapon
Potions
 d - a potion of might
 e - 3 potions of curing {unknown}
 g - a potion of haste {unknown}
 i - 3 potions of heal wounds
 n - 4 potions of magic {unknown}
 r - 4 potions of flight {unknown}
 u - 3 potions of lignification {unknown}
 w - a potion of cancellation {unknown}
 N - a potion of degeneration {unknown}
Books
 W - a manual of Invocations
 Z - a book of Callings

   Spells                             Type                      Level
   a - Summon Small Mammal            Summoning                    1
   b - Call Imp                       Summoning                    2
   c - Call Canine Familiar           Summoning                    3
   d - Summon Guardian Golem          Hexes/Summoning              3
   e - Summon Lightning Spire         Summoning/Air                4
   f - Summon Ice Beast               Ice/Summoning                4
Comestibles
 t - 8 fruits
 S - 3 bread rations


   Skills:
 + Level 10.1 Fighting
 + Level 11.0 Polearms
 + Level 11.1 Armour
 + Level 7.4 Dodging
 + Level 1.8 Stealth
 + Level 12.4 Shields
 + Level 2.8 Invocations


You had 11 spell levels left.
You didn't know any spells.

Dungeon Overview and Level Annotations

Branches:
Dungeon (8/15)             Temple (1/1) D:4            Lair (4/8) D:8
  Swamp: Lair:3-6    Shoals: Lair:3-6     Snake: Lair:3-6    Spider: Lair:3-6

Altars:
Ashenzari
Cheibriados
Elyvilon
Fedhas
Kikubaaqudgha
Makhleb
Nemelex Xobeh
Okawaru
Pakellas
Qazlal
Ru
Sif Muna
Trog
Vehumet
Xom
Zin
The Shining One
Lugonu


Innate Abilities, Weirdness & Mutations

You reflexively headbutt those who attack you in melee.
You have a pair of horns on your head.


Message History

You headbutt the spiny frog, but do no damage.
The spiny frog is severely wounded.
You block the spiny frog's attack. The spiny frog barely misses you.
You furiously retaliate!
You headbutt the spiny frog, but do no damage.
You puncture the spiny frog!
You kill the spiny frog!
Makhleb accepts your kill.
You feel better.
You have reached level 12!
Your experience leads to an increase in your attributes!
Increase (S)trength, (I)ntelligence, or (D)exterity?
You feel stronger.
You feel agile.
You feel sick. The wolf bites you.
* * * LOW HITPOINT WARNING * * *
The wolf bites you but does no damage. The spiny frog barely misses you.
You barely miss the wolf. You headbutt the wolf.
The wolf is moderately wounded.
You block the wolf's attack. The spiny frog stings you!
You die...

....P#.....†.<.....#
#.................##
#.........####..#
#....#.###.# ##
###....# ## ##..####
###....###..
##..........P
#....@......$
#P...hF......
##...........
.............
...#...........
...............
...............
....?.......!.


You could see a spiny frog and a wolf.

Vanquished Creatures
  A minotaur (Lab)
  A hydra (Lair:3)
  2 unseen horrors (Lab)
  4 spiny frogs
  3 komodo dragons
  The ghost of taraiph the Cleaver, an amateur HOFi (D:5)
  Prince Ribbit (D:5)
  Grinder (D:3)
  2 wyverns
  14 yaks
  2 hippogriffs
  A basilisk (Lair:3)
  8 hungry ghosts (Lab)
  4 water moccasins
  2 orc warriors
  8 porcupines
  2 sky beasts
  10 ice beasts
  A black bear (D:6)
  2 phantoms (D:6)
  A necrophage (D:8)
  2 centaurs
  3 ogres
  3 wolves (Lair:2)
  7 crocodiles
  A big kobold (D:7)
  Blork the orc (D:5)
  A gnoll sergeant (D:8)
  5 giant frogs
  3 scorpions
  5 killer bees (D:8)
  5 wights (D:7)
  2 spriggan skeletons (Lab)
  A crimson imp (D:5)
  2 vampire bats (D:6)
  A wasp zombie (D:7)
  A giant frog zombie (D:5)
  5 hounds
  4 orc priests
  7 orc wizards
  A centaur skeleton (D:8)
  Jessica (D:3)
  Natasha (twice) (D:3)
  4 iguanas
  8 worker ants
  2 ogre skeletons (Lab)
  Robin (D:2)
  9 gnolls
  A worker ant zombie (D:6)
  A howler monkey skeleton (D:6)
  5 river rats (Lair:3)
  3 adders
  2 shadow imps
  2 oozes (D:6)
  An adder skeleton (D:8)
  4 worms
  2 dart slugs
  4 giant geckos
  25 orcs
  A ball python (D:1)
  4 bats
  4 bat skeletons (D:6)
  A bat zombie (D:6)
  2 giant cockroaches
  13 goblins
  10 hobgoblins
  2 jackals (D:7)
  8 kobolds
  4 quokkas
  A giant gecko zombie (D:7)
  5 giant newts
  14 rats
277 creatures vanquished.

Notes
Turn   | Place    | Note
--------------------------------------------------------------
     0 | D:1      | saintsgambit the Minotaur Fighter began the quest for the Orb.
     0 | D:1      | Reached XP level 1. HP: 19/19 MP: 0/0
   233 | D:1      | Reached XP level 2. HP: 27/27 MP: 1/1
   472 | D:1      | Reached skill level 4 in Shields
   783 | D:2      | Noticed Robin
   786 | D:2      | Reached XP level 3. HP: 33/33 MP: 2/2
   815 | D:2      | Killed Robin
   815 | D:2      | Reached skill level 1 in Dodging
  1249 | D:3      | Noticed Jessica
  1259 | D:3      | Killed Jessica
  1259 | D:3      | Reached XP level 4. HP: 41/41 MP: 3/3
  1289 | D:3      | Noticed Natasha
  1293 | D:3      | Killed Natasha
  1452 | D:3      | Found a white marble altar of Elyvilon.
  1581 | D:3      | Reached XP level 5. HP: 24/47 MP: 4/4
  1802 | D:3      | Noticed Natasha
  1813 | D:3      | Killed Natasha
  1813 | D:3      | Reached skill level 5 in Shields
  1856 | D:3      | Reached skill level 5 in Fighting
  1950 | D:3      | Noticed Grinder
  1952 | D:3      | Paralysed by Grinder for 4 turns
  1973 | D:3      | Paralysed by Grinder for 5 turns
  1981 | D:3      | Killed Grinder
  1981 | D:3      | Reached XP level 6. HP: 56/56 MP: 5/5
  2294 | D:4      | Got a smoking dagger
  2405 | D:4      | Found a staircase to the Ecumenical Temple.
  2431 | Temple   | Entered the Ecumenical Temple
  2677 | D:4      | Reached skill level 6 in Shields
  2932 | D:4      | Reached XP level 7. HP: 59/61 MP: 6/6
  3011 | D:4      | Reached skill level 5 in Armour
  3069 | D:5      | Entered Level 5 of the Dungeon
  3151 | D:5      | Reached skill level 5 in Polearms
  3279 | D:5      | Found a stormy altar of Qazlal.
  3332 | D:5      | Found a burning altar of Makhleb.
  3332 | D:5      | Noticed Blork the orc
  3342 | D:5      | Killed Blork the orc
  3349 | D:5      | Became a worshipper of Makhleb the Destroyer
  3423 | D:5      | Reached XP level 8. HP: 48/70 MP: 7/7
  3518 | D:5      | Noticed taraiph's ghost (amateur HOFi)
  3528 | D:5      | Killed taraiph's ghost
  3528 | D:5      | Reached skill level 1 in Stealth
  3528 | D:5      | Reached skill level 7 in Shields
  3709 | D:5      | Noticed Prince Ribbit
  3869 | D:5      | Killed Prince Ribbit
  3873 | D:5      | Reached skill level 5 in Dodging
  4263 | D:6      | Reached skill level 8 in Shields
  4265 | D:6      | Reached * piety under Makhleb
  4291 | D:6      | Found a blossoming altar of Fedhas.
  4318 | D:6      | Found an ancient bone altar of Kikubaaqudgha.
  4378 | D:6      | Reached XP level 9. HP: 45/78 MP: 8/8
  4487 | D:6      | Found a glowing golden altar of the Shining One.
  4494 | D:6      | Found an iron altar of Okawaru.
  4494 | D:6      | Found a snail-covered altar of Cheibriados.
  4494 | D:6      | Found a sparkling altar of Nemelex Xobeh.
  4495 | D:6      | Found a radiant altar of Vehumet.
  4935 | D:7      | Found a blossoming altar of Fedhas.
  5006 | D:7      | Reached ** piety under Makhleb
  5028 | D:7      | Reached skill level 9 in Shields
  5057 | D:7      | Identified the +12 dagger "Xohu" {drain, +Fly rN+} (You found it on level 4 of the Dungeon)
  5102 | D:7      | Found a sacrificial altar of Ru.
  5639 | D:8      | Reached *** piety under Makhleb
  5901 | D:8      | Found a staircase to the Lair.
  5975 | D:8      | Noticed a moth of wrath
  5977 | D:8      | Found a bloodstained altar of Trog.
  6201 | D:8      | Reached XP level 10. HP: 88/88 MP: 9/9
  6289 | D:8      | Reached skill level 10 in Shields
  6337 | D:8      | Reached **** piety under Makhleb
  6546 | Lair:1   | Entered Level 1 of the Lair of Beasts
  6916 | Lair:1   | Found a bloodstained altar of Trog.
  7037 | Lair:1   | Noticed a spiny frog
  7050 | Lair:1   | Killed a spiny frog
  7549 | Lair:2   | Reached skill level 11 in Shields
  7549 | Lair:2   | Reached skill level 1 in Invocations
  7578 | Lair:2   | Noticed a spiny frog
  7750 | Lair:2   | Killed a spiny frog
  7775 | Lair:2   | Reached XP level 11. HP: 78/94 MP: 11/11
  7957 | Lair:3   | Found a labyrinth entrance.
  7966 | Lab      | Entered a labyrinth
  8967 | Lab      | Killed an unseen horror
  9002 | Lab      | Killed an unseen horror
  9002 | Lab      | Reached skill level 10 in Armour
  9398 | Lab      | Noticed a minotaur
  9411 | Lab      | Killed a minotaur
  9411 | Lab      | Reached skill level 10 in Polearms
  9411 | Lab      | Reached skill level 12 in Shields
  9460 | Lair:3   | Reached ***** piety under Makhleb
 10074 | Lair:3   | Reached skill level 10 in Fighting
 10300 | Lair:3   | Noticed a five-headed hydra
 10315 | Lair:3   | Killed a five-headed hydra
 10503 | Lair:4   | Reached XP level 12. HP: 19/105 MP: 13/13
 10504 | Lair:4   | Slain by a spiny frog

Skill      XL: |  1  2  3  4  5  6  7  8  9 10 11 |
---------------+----------------------------------+-----
Fighting       | 4 5 6 8 10 | 10.1
Shields        | 4 5 6 8 9 11 12 | 12.4
Dodging        | 1 2 3 5 6 7 |  7.4
Polearms       | 3 4 5 6 7 9 11 | 11.0
Armour         | 4 6 7 8 9 11 | 11.1
Stealth        | 1 |  1.8
Invocations    | 1 2 |  2.8

Action                   |  1- 3 |  4- 6 |  7- 9 | 10-12 || total
-------------------------+-------+-------+-------+-------++-------
Melee: Trident           |   116 |   105 |   444 |   484 ||  1149
       Headbutt          |    14 |    18 |   113 |   115 ||   260
Invok: Minor Destruction |       |       |     2 |     4 ||     6
       Major Destruction |       |       |       |     3 ||     3
  Use: Scroll            |       |     3 |     5 |     3 ||    11
       Potion            |       |       |     2 |       ||     2
  Eat: Bread ration      |       |     1 |     1 |     1 ||     3
       Meat ration       |       |     1 |       |     5 ||     6
       Fruit             |       |       |     1 |     2 ||     3
       Pizza             |       |       |     1 |       ||     1
       Beef jerky        |       |       |       |     1 ||     1
       Chunk             |       |       |       |     1 ||     1
Armor: Scale mail        |    50 |    43 |   103 |       ||   196
       Chain mail        |       |       |    42 |   159 ||   201
Dodge: Dodged            |    37 |    25 |   134 |   125 ||   321
Block: Shield            |    60 |    60 |   257 |   270 ||   647
